 Dungeon Crawl Stone Soup version 0.17.1-3-g152610e (webtiles) character file.

77 manyhoops the Chopper (level 4, 0/34 HPs)
             Began as a Demonspawn Gladiator on Apr 23, 2016.
             Succumbed to poison (a potion of poison)
             ... on level 2 of the Dungeon.
             The game lasted 00:05:06 (1365 turns).

manyhoops the Chopper (Demonspawn Gladiator)        Turns: 1365, Time: 00:05:06

Health: 0/34       AC: 13    Str: 16    XL:     4   Next: 13%
Magic:  4/4        EV: 11    Int:  9    God:
Gold:   115        SH:  0    Dex: 14    Spells: 0 memorised, 3 levels left

rFire  . . .     SeeInvis .     a - +1 war axe
rCold  . . .     Clarity  .     h - +0 ring mail
rNeg   . . .     SustAt   .     (no shield)
rPois  .         Gourm    .     (helmet restricted)
rElec  .         Spirit   .     (no cloak)
rCorr  .         Warding  .     g - +1 pair of gloves
rMut   .         Stasis   .     (no boots)
MR     .....                    (no amulet)
Stlth  +.........               (no ring)
                                f - +2 ring of protection

@: lethally poisoned (0 -> -22), very slightly contaminated, invisible, not
resistant to hostile enchantments, very unstealthy
A: antennae 2, iridescent scales 1
a: no special abilities


You were on level 2 of the Dungeon.
You were not hungry.

You visited 1 branch of the dungeon, and saw 3 of its levels.

You collected 115 gold pieces.

Inventory:

Hand Weapons
 a - a +1 war axe (weapon)
Missiles
 d - 3 throwing nets (quivered)
Armour
 b - a +0 leather armour
 c - a +0 helmet
 g - a +1 pair of gloves (worn)
 h - a +0 ring mail (worn)
Jewellery
 f - a +2 ring of protection (left hand)
Potions
 m - a potion of flight
 n - a potion of poison
Comestibles
 e - a bread ration
 k - 2 meat rations


   Skills:
 + Level 2.6 Fighting
 + Level 3.8 Axes
 - Level 1.7 Throwing
 + Level 1.4 Armour
 - Level 2.6 Dodging


You had 3 spell levels left.
You didn't know any spells.

Dungeon Overview and Level Annotations

Branches:
Dungeon (3/15)

Altars:

Annotations:
D:3 Robin


Innate Abilities, Weirdness & Mutations

You have a pair of antennae on your head.
You are partially covered in iridescent scales (AC +4).


Message History

You fade into invisibility!
* * * LOW HITPOINT WARNING * * *
You feel very sick.
You are very lightly contaminated with residual magic.
As you read the scroll labeled QYOGAVYNWE, it crumbles to dust.
It is a scroll of enchant weapon.
Enchant which weapon? (? for menu, Esc to quit)
Your +0 war axe glows red for a moment.
* * * LOW HITPOINT WARNING * * *
You feel sick.
* * * LOW HITPOINT WARNING * * *
You feel sick.
Things that are here:
a dagger of venom; a goblin corpse
* * * LOW HITPOINT WARNING * * *
You feel sick.
* * * LOW HITPOINT WARNING * * *
You feel sick.
Eat which item? (? for menu, Esc to quit)
You die...

........# #.#
........#####.#######
########...(<.#.....##
##......†.......##
..######....(...........#
........................#
........................#
............)...........#
####........>@........(.#
#........)...........#
######..............##
##.....##.....##
##############


There were no monsters in sight!

Vanquished Creatures
  A gnoll (D:2)
  3 adders (D:2)
  A worm (D:2)
  A giant gecko (D:2)
  A ball python (D:1)
  3 bats
  2 giant cockroaches
  13 goblins
  A hobgoblin (D:2)
  8 kobolds
  A giant newt (D:1)
  A rat (D:1)
36 creatures vanquished.

Notes
Turn   | Place    | Note
--------------------------------------------------------------
     0 | D:1      | manyhoops the Demonspawn Gladiator began the quest for the Orb.
     0 | D:1      | Reached XP level 1. HP: 16/16 MP: 1/1
   246 | D:1      | Reached skill level 3 in Axes
   324 | D:1      | Gained mutation: You have a pair of small antennae on your head. [demonic ancestry]
   324 | D:1      | Reached XP level 2. HP: 20/22 MP: 2/2
   326 | D:1      | You fall through a shaft!
   825 | D:2      | Gained mutation: You are partially covered in iridescent scales (AC +4). [demonic ancestry]
   825 | D:2      | Reached XP level 3. HP: 18/28 MP: 3/3
  1183 | D:2      | Reached skill level 1 in Armour
  1301 | D:2      | Gained mutation: You have a pair of antennae on your head. [demonic ancestry]
  1301 | D:2      | Reached XP level 4. HP: 34/34 MP: 4/4
  1347 | D:3      | Noticed Robin
  1364 | D:2      | HP: 1/34 [poison (a potion of poison)]
  1365 | D:2      | Succumbed to poison (a potion of poison)

Action                   |  1- 3 |  4- 6 || total
-------------------------+-------+-------++-------
Melee: War axe           |    95 |    10 ||   105
  Use: Scroll            |     7 |     1 ||     8
       Potion            |       |     2 ||     2
  Eat: Bread ration      |       |     1 ||     1
